[Event "Titled Tuesday Blitz May 9 Early 2023"]
[White "Sarana, Alexey"]
[Black "Rodshtein, Maxim"]
[WhiteFideId "24133795"]
[BlackFideId "2806851"]
[WhiteElo "2714"]
[BlackElo "2555"]
[Result "0-1"]
[Round "06"]
[TimeControl "180+2"]
[Date "2023.05.09"]
[WhiteClock "0:00:03"]
[BlackClock "0:00:09"]

1. d4 Nf6 2. c4 e6 3. Nc3 d5 4. cxd5 exd5 5. Bg5 c6 6. e3 Bf5 7. Qf3 Bg6 8. Bxf6 Qxf6 9. Qxf6 gxf6 10. Nf3 Nd7 11. Nh4 a5 12. f4 f5 13. Bd3 Bb4 14. Nxf5 Nb6 15. Kf2 O-O-O 16. a3 Bxc3 17. bxc3 Rhe8 18. g4 Na4 19. Rhc1 b5 20. Rab1 Kc7 21. Rc2 f6 22. Rd1 Rd7 23. Ng3 Rde7 24. f5 Bf7 25. Re1 h5 26. gxh5 Rh8 27. Be2 Nb6 28. h4 Rhe8 29. Bf1 Rh8 30. Be2 Rhe8 31. Bd3 Rh8 32. Rh1 Bxh5 33. Rcc1 Nc8 34. e4 dxe4 35. Nxe4 Bg4 36. Ng3 Nd6 37. h5 Rhe8 38. Rce1 Rxe1 39. Rxe1 Rh8 40. Rh1 Rh6 41. Bc2 Nc4 42. Rh4 Nxa3 43. Bb3 a4 44. Bxa4 bxa4 45. Rxg4 Nc2 46. Rg6 Rh8 47. Rg7+ Kb6 48. h6 a3 49. h7 a2 50. Rg8 Rxh7 51. Rb8+ Rb7 52. Ra8 Ra7 53. Rb8+ Kc7 54. Rb2 a1=Q 55. Rxc2 Qb1 56. Re2 Ra2 57. Ke3 Rxe2+ 58. Nxe2 Qc2 59. Nf4 Qxc3+ 60. Ke4 Qc4 61. Kf3 Kd6 62. Ne6 Qd5+ 63. Kf4 Ke7 64. Ke3 Qxf5 65. Nc5 Kd6 66. Nd3 Kd5 67. Nb4+ Kc4 0-1


[Site "https://www.chess.com"]

[Event "Titled Tuesday Blitz May 9 Early 2023"]
[White "Kramnik, Vladimir"]
[Black "Bilych, Olexiy"]
[WhiteFideId "4101588"]
[BlackFideId "14156504"]
[WhiteElo "2703"]
[BlackElo "2320"]
[Result "1-0"]
[Round "06"]
[TimeControl "180+2"]
[Date "2023.05.09"]
[WhiteClock "0:00:27"]
[BlackClock "0:00:40"]

1. Nf3 d5 2. g3 Nf6 3. Bg2 Bf5 4. d3 e6 5. O-O h6 6. c4 c6 7. cxd5 exd5 8. Nc3 Be7 9. Nd4 Bh7 10. e4 O-O 11. Re1 dxe4 12. dxe4 Bc5 13. Nb3 Bb6 14. Be3 Nbd7 15. e5 Bxe3 16. Rxe3 Ne8 17. Qg4 Nc7 18. Rd1 Ne6 19. Nd4 Qe7 20. Nf5 Bxf5 21. Qxf5 Rad8 22. Ne4 g6 23. Rxd7 Rxd7 24. Nf6+ Kg7 25. Qg4 Rd4 26. Be4 Ng5 27. h4 Nxe4 28. Rxe4 Rxe4 29. Qxe4 Rd8 30. h5 Qe6 31. Kg2 Qf5 1-0


[Site "https://www.chess.com"]

[Event "Titled Tuesday Blitz May 9 Early 2023"]
[White "Gurel, Ediz"]
[Black "Sargsyan, Shant"]
[WhiteFideId "44507356"]
[BlackFideId "13306766"]
[WhiteElo "2352"]
[BlackElo "2628"]
[Result "0-1"]
[Round "06"]
[TimeControl "180+2"]
[Date "2023.05.09"]
[WhiteClock "0:00:00"]
[BlackClock "0:00:56"]

1. d4 g6 2. c4 Nf6 3. Nf3 Bg7 4. Nc3 O-O 5. e4 d6 6. Be2 e5 7. O-O Na6 8. d5 Nc5 9. Qc2 a5 10. Rb1 Nh5 11. Bg5 f6 12. Be3 b6 13. a3 a4 14. Bxc5 bxc5 15. Nxa4 f5 16. Nc3 Nf4 17. Nd2 Qg5 18. Bf3 Bh6 19. Rbd1 Bd7 20. Kh1 Rf7 21. Nb5 Qd8 22. exf5 gxf5 23. g3 Ng6 24. Bg2 e4 25. Rde1 Ne5 26. f4 Ng4 27. h3 Nf6 28. Kh2 Bg7 29. Nc3 h5 30. Ndxe4 fxe4 31. Nxe4 Nxe4 32. Bxe4 Qf6 33. Bg6 Rff8 34. Bxh5 Qxb2 35. Qxb2 Bxb2 36. Re7 Rad8 37. Bg6 Bf6 38. Rh7 Bg7 39. Re1 Rf6 40. Bc2 Bf5 41. Bxf5 Rxf5 42. Rh4 Kf7 43. Rg4 Ra8 44. Re3 Ra4 45. Rb3 Rxc4 46. Rb7 Rc2+ 47. Kh1 Rxd5 48. Rxc7+ Ke8 0-1


[Site "https://www.chess.com"]

[Event "Titled Tuesday Blitz May 9 Early 2023"]
[White "Terry, Renato"]
[Black "Ivic, Velimir"]
[WhiteFideId "3803457"]
[BlackFideId "950122"]
[WhiteElo "2575"]
[BlackElo "2563"]
[Result "1/2-1/2"]
[Round "06"]
[TimeControl "180+2"]
[Date "2023.05.09"]
[WhiteClock "0:00:01"]
[BlackClock "0:00:05"]

1. Nf3 Nf6 2. b3 g6 3. Bb2 Bg7 4. g3 d6 5. d4 b5 6. Bg2 Bb7 7. O-O Nbd7 8. Nbd2 O-O 9. c4 bxc4 10. Nxc4 a5 11. Rc1 Ra6 12. Re1 Qa8 13. a3 Rb8 14. Bf1 Bd5 15. Nfd2 c5 16. f3 cxd4 17. Bxd4 e5 18. Bf2 Be6 19. e4 d5 20. exd5 Nxd5 21. Ne4 Rc6 22. Ng5 Rd8 23. Nxe6 Rxe6 24. Qc2 Ne7 25. Bg2 Qa6 26. Red1 Nc6 27. Bh3 f5 28. Bf1 Nd4 29. Qc3 Qa8 30. Nd2 Nb6 31. Re1 Rc6 32. Qe3 Nd5 33. Qd3 Rxc1 34. Rxc1 Ne7 35. Bg2 Kh8 36. Qf1 Qb8 37. Rb1 Bh6 38. Nc4 Nec6 39. b4 axb4 40. axb4 Qb5 41. h4 Bg7 42. h5 gxh5 43. Kh2 h4 44. gxh4 Bh6 45. Bg3 Qd5 46. b5 f4 47. Bf2 Ne7 48. Qe1 Bg7 49. Qe4 Qxe4 50. fxe4 f3 51. Bf1 Ne2 52. b6 Nc3 53. Re1 Nc6 54. Bg3 Rb8 55. Re3 Na4 56. Rb3 Nc5 57. Rxf3 Nxe4 58. Be1 Nf6 59. Bg2 e4 60. Rb3 Nd7 61. Bxe4 Nc5 62. Re3 Bd4 63. Re2 Nxe4 64. Rxe4 Bxb6 65. Bc3+ Kg8 66. Rg4+ Kf7 67. Rg7+ Ke6 68. Rxh7 Bd4 69. Rh6+ Kd5 70. Bxd4 Nxd4 71. Ne3+ Ke4 72. Ng4 Kf4 73. Nf2 Rb2 74. Kg2 Nf5 75. Rf6 Ke5 76. Rf8 Nxh4+ 77. Kf1 Rb1+ 78. Ke2 Nf5 79. Nd3+ Ke4 80. Nf2+ Ke5 81. Nd3+ Ke4 82. Re8+ Kd4 83. Rd8+ Ke4 84. Kd2 Nd4 85. Nc5+ Ke5 86. Nd3+ Ke4 87. Re8+ Kd5 88. Nf4+ Kd6 89. Rd8+ Ke5 90. Ng6+ Kf6 91. Nf4 Nf3+ 92. Ke3 Ne5 93. Nd5+ Ke6 94. Nf4+ Ke7 95. Rc8 Rb3+ 96. Ke4 Nd7 97. Nd5+ Kd6 98. Rc3 Rxc3 99. Nxc3 1/2-1/2


[Site "https://www.chess.com"]

[Event "Titled Tuesday Blitz May 9 Early 2023"]
[White "Quesada Perez, Yuniesky"]
[Black "Nakamura, Hikaru"]
[WhiteFideId "3504409"]
[BlackFideId "2016192"]
[WhiteElo "2585"]
[BlackElo "2885"]
[Result "0-1"]
[Round "06"]
[TimeControl "180+2"]
[Date "2023.05.09"]
[WhiteClock "0:00:00"]
[BlackClock "0:00:26"]

1. e4 g6 2. d4 c6 3. Nc3 d5 4. h3 dxe4 5. Nxe4 Nf6 6. Nxf6+ exf6 7. Nf3 Be6 8. Bd3 Bg7 9. O-O O-O 10. b3 Nd7 11. Bb2 b5 12. c4 bxc4 13. bxc4 Nb6 14. Qc2 Qd7 15. Rfe1 Nc8 16. Nd2 Nd6 17. Nb3 Nb7 18. Rad1 Rfc8 19. Be4 a5 20. a4 Rab8 21. Ba3 Qc7 22. Bf3 Rd8 23. Rd2 Bh6 24. Rdd1 Bf4 25. Qc3 Bh6 26. Re2 Bg7 27. Qc2 f5 28. d5 cxd5 29. cxd5 Qxc2 30. Rxc2 Bd7 31. Rc4 Be5 32. Nc5 Nxc5 33. Bxc5 Rdc8 34. Rdc1 Bxa4 35. Rxa4 Rxc5 36. Re1 Bd6 37. Rea1 Rb4 38. g4 fxg4 39. hxg4 Rc3 40. Rxb4 axb4 41. Ra6 Be5 42. Be4 b3 43. Rb6 b2 44. Kg2 Rc1 0-1


[Site "https://www.chess.com"]

[Event "Titled Tuesday Blitz May 9 Early 2023"]
[White "Ohanyan, Emin"]
[Black "Kollars, Dmitrij"]
[WhiteFideId "13312022"]
[BlackFideId "12909572"]
[WhiteElo "2411"]
[BlackElo "2584"]
[Result "0-1"]
[Round "06"]
[TimeControl "180+2"]
[Date "2023.05.09"]
[WhiteClock "0:00:01"]
[BlackClock "0:00:10"]

1. d4 Nf6 2. c4 e6 3. Nf3 d5 4. Nc3 c6 5. e3 Nbd7 6. Qc2 Bd6 7. Bd3 dxc4 8. Bxc4 O-O 9. O-O b5 10. Bd3 Bb7 11. e4 e5 12. h3 Qc7 13. dxe5 Nxe5 14. Nxe5 Bxe5 15. Be3 Nh5 16. Ne2 Nf4 17. Nxf4 Bxf4 18. Bc5 Rfe8 19. Rad1 Bc8 20. Rfe1 Be6 21. a3 Rad8 22. Bf1 h5 23. g3 Bd6 24. Bxd6 Rxd6 25. Bxb5 Bxh3 26. Rxd6 Qxd6 27. Qxc6 Rd8 28. Qxd6 Rxd6 29. Bf1 Be6 30. f3 g5 31. Kf2 Rd2+ 32. Re2 Rd1 33. Re1 Rd2+ 34. Re2 Rd1 35. Rc2 Kg7 36. Be2 Rb1 37. f4 g4 38. e5 Bb3 39. Rd2 Rh1 40. Kg2 Re1 41. Bb5 Be6 42. Bc6 Bf5 43. Kf2 Rb1 44. Bg2 Rc1 45. Bd5 a5 46. b4 axb4 47. axb4 Rb1 48. Rd4 Rb2+ 49. Ke3 Kf8 50. Be4 Bxe4 51. Rxe4 Rg2 52. f5 Rxg3+ 53. Kf4 Rf3+ 54. Kg5 g3 55. Kxh5 Rxf5+ 56. Kh4 g2 57. Rg4 Rf4 58. Rxf4 g1=Q 59. e6 Qe1+ 60. Kg4 Qxe6+ 61. Kf3 Qd6 62. Ke3 Qe5+ 63. Re4 Qc3+ 64. Kf4 Kg7 65. Kf5 Qc2 66. Ke5 f6+ 67. Kd5 Qd3+ 68. Rd4 Qb5+ 69. Ke6 Qe5+ 0-1


[Site "https://www.chess.com"]

[Event "Titled Tuesday Blitz May 9 Early 2023"]
[White "Bluebaum, Matthias"]
[Black "Kravtsiv, Martyn"]
[WhiteFideId "24651516"]
[BlackFideId "14113147"]
[WhiteElo "2639"]
[BlackElo "2695"]
[Result "1-0"]
[Round "06"]
[TimeControl "180+2"]
[Date "2023.05.09"]
[WhiteClock "0:01:19"]
[BlackClock "0:00:27"]

1. d4 d5 2. c4 e6 3. Nc3 Bb4 4. e3 Nf6 5. Bd2 O-O 6. Nf3 b6 7. cxd5 exd5 8. Rc1 Re8 9. Ne5 Bb7 10. Bb5 c6 11. Bd3 Bd6 12. f4 c5 13. Bb5 cxd4 14. exd4 Bc6 15. O-O Bxb5 16. Nxb5 a6 17. Nxd6 Qxd6 18. f5 Ne4 19. f6 Nxf6 20. Bg5 Ra7 21. Bxf6 gxf6 22. Qg4+ Kf8 23. Nf3 Nc6 24. Nh4 Ne7 25. Qh5 Kg8 26. Rc3 Ng6 27. Nf5 Qf8 28. Rh3 1-0


[Site "https://www.chess.com"]

[Event "Titled Tuesday Blitz May 9 Early 2023"]
[White "Visakh N R"]
[Black "Adhiban, B."]
[WhiteFideId "25012223"]
[BlackFideId "5018471"]
[WhiteElo "2466"]
[BlackElo "2587"]
[Result "0-1"]
[Round "06"]
[TimeControl "180+2"]
[Date "2023.05.09"]
[WhiteClock "0:00:00"]
[BlackClock "0:00:20"]

1. Nf3 d6 2. e4 c5 3. Bb5+ Nd7 4. O-O Nf6 5. Re1 a6 6. Bf1 b6 7. c4 Bb7 8. Nc3 Ne5 9. d3 e6 10. Bf4 Nfd7 11. h3 Be7 12. Bh2 Nxf3+ 13. Qxf3 Ne5 14. Qd1 g5 15. d4 cxd4 16. Qxd4 Bf6 17. Qd2 g4 18. Rad1 gxh3 19. Qxd6 Qxd6 20. Rxd6 Ng4 21. Bg3 hxg2 22. Kxg2 Bd8 23. f3 Nf6 24. Bh4 Rg8+ 25. Kh1 Bc7 26. Rd2 Rg6 27. Bxf6 Rxf6 28. Bg2 Ke7 29. Red1 Bc6 30. Re2 Rg8 31. Kg1 Bd6 32. Nd5+ Bxd5 33. exd5 Bc5+ 34. Kf1 Rh6 35. Red2 e5 36. a3 a5 37. d6+ Rxd6 38. Rxd6 Bxd6 39. Rd5 Rc8 40. Rb5 Rxc4 41. Bh3 Bc5 42. Bf5 h5 43. Bd3 Rh4 44. Kg2 Rd4 45. Bf5 Kf6 46. Be4 Kg5 47. Kg3 f5 48. Bc6 h4+ 49. Kh3 Rd2 50. b4 axb4 51. f4+ Kxf4 52. axb4 Bg1 53. Bg2 e4 54. Kxh4 Rxg2 55. Rxf5+ Kxf5 0-1


[Site "https://www.chess.com"]

[Event "Titled Tuesday Blitz May 9 Early 2023"]
[White "Sokolovsky, Yahli"]
[Black "Hakobyan, Aram"]
[WhiteFideId "2820242"]
[BlackFideId "13306677"]
[WhiteElo "2389"]
[BlackElo "2584"]
[Result "1-0"]
[Round "06"]
[TimeControl "180+2"]
[Date "2023.05.09"]
[WhiteClock "0:00:04"]
[BlackClock "0:00:00"]

1. b3 e5 2. Bb2 Nc6 3. e3 d5 4. c4 d4 5. exd4 exd4 6. a3 Nf6 7. Bd3 Bd6 8. Ne2 O-O 9. Qc2 Re8 10. h3 a5 11. O-O Bc5 12. Ng3 Ne5 13. Bf5 Bxf5 14. Qxf5 g6 15. Qc2 h5 16. d3 h4 17. Ne2 Ra6 18. Nd2 Ba7 19. Rae1 c5 20. Nf4 Bb8 21. Bc1 Rd6 22. Ne4 Nxe4 23. Rxe4 f5 24. Re2 g5 25. Nd5 Rde6 26. Rfe1 f4 27. f3 Qd6 28. Re4 Kf7 29. Bd2 Ng6 30. Rxe6 Rxe6 31. Rxe6 Qxe6 32. Bxa5 Qa6 33. b4 Ne5 34. Qe2 Qg6 35. bxc5 Qxd3 36. Qb2 Qd1+ 37. Kh2 Nxf3+ 38. gxf3 g4 39. Qxb7+ Kg6 40. Qc6+ Kh7 41. Qd7+ Kh6 42. Qe6+ Kh7 43. Qf7+ Kh6 44. Qf6+ Kh7 45. Qxh4+ Kg7 46. Qxg4+ Kf7 47. Qd7+ Kg6 48. Qe6+ Kh7 49. Nf6+ Kg7 50. Nh5+ Kh7 51. Nf6+ Kg7 52. Ne8+ Kf8 53. Qe1 Qc2+ 54. Qd2 Qxd2+ 55. Bxd2 Kxe8 56. h4 d3 57. Kg2 Be5 58. h5 Kf7 59. c6 Ke6 60. h6 Kd6 61. h7 Kxc6 62. Bxf4 Bh8 63. Be3 Be5 64. Kf2 Kb7 65. Ke1 Bc3+ 66. Kd1 Ka6 67. Bf4 Kb7 68. Bd6 Kc6 69. c5 Kd5 70. f4 Kc4 71. Be5 1-0


[Site "https://www.chess.com"]

[Event "Titled Tuesday Blitz May 9 Early 2023"]
[White "Peng, Li Min"]
[Black "Matlakov, Maxim"]
[WhiteFideId "14112620"]
[BlackFideId "4168003"]
[WhiteElo "2436"]
[BlackElo "2666"]
[Result "0-1"]
[Round "06"]
[TimeControl "180+2"]
[Date "2023.05.09"]
[WhiteClock "0:00:03"]
[BlackClock "0:01:22"]

1. e4 e5 2. Nf3 Nc6 3. Nc3 Nf6 4. h3 Bb4 5. Nd5 Be7 6. d3 d6 7. c3 Nxd5 8. exd5 Nb8 9. d4 e4 10. Nd2 f5 11. Nc4 O-O 12. g3 Nd7 13. Bg2 Nf6 14. Ne3 Kh8 15. h4 Bd7 16. c4 Qe8 17. b3 b5 18. Bd2 bxc4 19. bxc4 Rb8 20. Rb1 Rb6 21. O-O f4 22. gxf4 Nh5 23. f5 Nf4 24. Qg4 Nxg2 25. Kxg2 Bf6 26. Ba5 Ra6 27. Bxc7 Bxd4 28. Rb8 Qf7 29. Rxf8+ Qxf8 30. Qxe4 Bc5 31. Rb1 Bb6 32. Bxb6 axb6 33. Rb2 h6 34. Qd4 Qd8 35. Kg3 Kh7 36. Qf4 Qf6 37. Re2 Ra3 38. Kg2 Rd3 39. Ng4 Qxh4 40. f3 Rd1 41. Qh2 Qg5 42. f6 Bxg4 43. fxg4 Qxg4+ 44. Kf2 Qf5+ 45. Ke3 Rd3# 0-1


[Site "https://www.chess.com"]

[Event "Titled Tuesday Blitz May 9 Early 2023"]
[White "Maghsoodloo, Parham"]
[Black "Djordjevic, Vuk"]
[WhiteFideId "12539929"]
[BlackFideId "902098"]
[WhiteElo "2655"]
[BlackElo "2452"]
[Result "1-0"]
[Round "06"]
[TimeControl "180+2"]
[Date "2023.05.09"]
[WhiteClock "0:00:30"]
[BlackClock "0:00:01"]

1. d4 Nf6 2. c4 e6 3. Nf3 b6 4. g3 Ba6 5. Qc2 Bb7 6. Bg2 c5 7. O-O cxd4 8. Rd1 Nc6 9. Nxd4 Qc8 10. Nb5 Nb4 11. Qb3 Bxg2 12. Kxg2 Qb7+ 13. f3 Rc8 14. Bf4 a6 15. Nd6+ Bxd6 16. Bxd6 Nc6 17. Qe3 b5 18. Qg5 Rg8 19. c5 Ne7 20. e4 Rc6 21. Nc3 h6 22. Qe5 Nc8 23. b4 Nxd6 24. Rxd6 Ke7 25. Rad1 Rd8 26. h4 Rxd6 27. Qxd6+ Ke8 28. g4 Ng8 29. Ne2 Qc6 30. Nf4 Qxd6 31. cxd6 Rc8 32. Nd3 Rc6 33. e5 f6 34. f4 g5 35. hxg5 hxg5 36. fxg5 fxg5 37. Nc5 Nh6 38. Kf3 Nf7 39. Ke4 Nh6 40. Rh1 Nxg4 41. Rh7 a5 42. a3 axb4 43. axb4 Nf2+ 44. Kd4 g4 45. Rxd7 g3 46. Re7+ Kd8 47. Nxe6+ 1-0


[Site "https://www.chess.com"]

[Event "Titled Tuesday Blitz May 9 Early 2023"]
[White "Fernandez Guillen, Ernesto J."]
[Black "Ter-Sahakyan, Samvel"]
[WhiteFideId "3512428"]
[BlackFideId "13302531"]
[WhiteElo "2429"]
[BlackElo "2545"]
[Result "1-0"]
[Round "06"]
[TimeControl "180+2"]
[Date "2023.05.09"]
[WhiteClock "0:00:07"]
[BlackClock "0:00:00"]

1. e4 c5 2. Nf3 e6 3. d4 cxd4 4. Nxd4 Nf6 5. Nc3 Nc6 6. Nxc6 bxc6 7. Bd3 d5 8. O-O Be7 9. e5 Nd7 10. Re1 O-O 11. Qg4 a5 12. Bh6 g6 13. h4 f5 14. Qe2 Rf7 15. g3 Rb8 16. Rab1 Nc5 17. b3 Rb4 18. f4 Nxd3 19. cxd3 c5 20. Kh2 Bxh4 21. Na4 Be7 22. Rbc1 Rb5 23. Qf2 d4 24. Rc2 Bb7 25. Rec1 Qd5 26. Rc4 Rb4 27. R4c2 Rb5 28. Rc4 g5 29. a3 Ba6 30. b4 axb4 31. axb4 Rxb4 32. Rxb4 cxb4 33. Nb6 Qd8 34. Nc4 Bb7 35. Nd6 Bxd6 36. exd6 Qxd6 37. Qc2 Rd7 38. Qa4 Kf7 39. Qd1 Qd5 40. Qh5+ Ke7 41. Qxg5+ 1-0


[Site "https://www.chess.com"]

[Event "Titled Tuesday Blitz May 9 Early 2023"]
[White "Csonka, Balazs"]
[Black "Shimanov, Aleksandr"]
[WhiteFideId "742910"]
[BlackFideId "4198603"]
[WhiteElo "2404"]
[BlackElo "2631"]
[Result "0-1"]
[Round "06"]
[TimeControl "180+2"]
[Date "2023.05.09"]
[WhiteClock "0:00:00"]
[BlackClock "0:00:20"]

1. e4 c6 2. d4 d5 3. Nc3 dxe4 4. Nxe4 Nf6 5. Nxf6+ exf6 6. c3 Bd6 7. Bd3 Na6 8. Qc2 Nc7 9. Ne2 h5 10. O-O Nd5 11. a3 Kf8 12. c4 Ne7 13. b4 h4 14. h3 g6 15. Bb2 Kg7 16. Rad1 Rh5 17. Rfe1 Bxh3 18. gxh3 Qd7 19. f4 Qxh3 20. Kf2 Nf5 21. Bxf5 Qh2+ 22. Ke3 Rxf5 23. Kd2 Bxf4+ 24. Kc3 Bg5 25. Qd3 Re8 26. Nc1 Rxe1 27. Rxe1 Qf2 28. Re2 Qf1 29. Kc2 h3 30. Rh2 Rf2+ 31. Rxf2 Qxf2+ 32. Qe2 Qg1 33. Nd3 h2 34. Nf2 Bh4 35. Ng4 h1=Q 36. d5 Qb1+ 37. Kb3 Qh3+ 38. Ka4 Qf5 39. Qe7 Qhxg4 40. d6 Qd7 0-1


[Site "https://www.chess.com"]

[Event "Titled Tuesday Blitz May 9 Early 2023"]
[White "Lenderman, Aleksandr"]
[Black "Kvaloy, Aksel Bu"]
[WhiteFideId "2021285"]
[BlackFideId "1528815"]
[WhiteElo "2607"]
[BlackElo "2242"]
[Result "1-0"]
[Round "06"]
[TimeControl "180+2"]
[Date "2023.05.09"]
[WhiteClock "0:01:46"]
[BlackClock "0:01:26"]

1. Nf3 d5 2. e3 Nf6 3. c4 e6 4. b3 c5 5. Bb2 Nc6 6. cxd5 exd5 7. Bb5 d4 8. exd4 cxd4 9. Nxd4 Bd7 10. Nxc6 bxc6 11. Qe2+ Be7 12. Bxf6 gxf6 13. Bd3 Rg8 14. O-O Bg4 15. Qe3 Qd5 16. Nc3 Qh5 17. Rae1 O-O-O 18. Ba6+ Kb8 19. Qxe7 Rd7 20. Qb4+ Ka8 21. Be2 Qh3 22. Bxg4 Rxg4 23. Re8+ Rd8 1-0


[Site "https://www.chess.com"]

[Event "Titled Tuesday Blitz May 9 Early 2023"]
[White "Wagner, Dennis"]
[Black "Pranesh M"]
[WhiteFideId "24650684"]
[BlackFideId "35028600"]
[WhiteElo "2478"]
[BlackElo "2437"]
[Result "0-1"]
[Round "06"]
[TimeControl "180+2"]
[Date "2023.05.09"]
[WhiteClock "0:00:00"]
[BlackClock "0:01:57"]

1. d4 d5 2. Nf3 c6 3. c4 Nf6 4. g3 dxc4 5. Bg2 e6 6. O-O b5 7. a4 Bb7 8. Ne5 Qc8 9. b3 cxb3 10. Qxb3 a6 11. axb5 cxb5 12. Nc3 Bxg2 13. Kxg2 Qb7+ 14. f3 Nbd7 15. Nxd7 Nxd7 16. Ne4 Be7 17. Ba3 b4 18. Rfb1 a5 19. Bc1 O-O 20. Bf4 Qd5 21. Qxd5 exd5 22. Nd6 Bxd6 23. Bxd6 Rfe8 24. Kf2 Nb6 25. Bc5 Nc4 26. Ra4 f5 27. h4 h5 28. Rb3 Kh7 29. Rb1 Kg6 30. Rb3 Ra6 31. Rbxb4 Rae6 32. Rb1 Rxe2+ 33. Kg1 Nd2 34. Rba1 Nxf3+ 35. Kf1 R8e3 36. R4a2 Nh2+ 37. Kg1 Rxg3+ 38. Kh1 Rxa2 39. Rxa2 Nf3 40. Ra1 f4 41. Bd6 Kf5 42. Rf1 Kg4 43. Bxf4 Kxf4 0-1


[Site "https://www.chess.com"]

[Event "Titled Tuesday Blitz May 9 Early 2023"]
[White "Rozman, Levy"]
[Black "Costachi, Mihnea"]
[WhiteFideId "2039877"]
[BlackFideId "1217518"]
[WhiteElo "2376"]
[BlackElo "2456"]
[Result "0-1"]
[Round "06"]
[TimeControl "180+2"]
[Date "2023.05.09"]
[WhiteClock "0:00:00"]
[BlackClock "0:00:28"]

1. e4 e5 2. Nc3 Nf6 3. f4 d5 4. fxe5 Nxe4 5. Qf3 Nxc3 6. bxc3 c5 7. Qg3 Nc6 8. Nf3 d4 9. Bb5 Be6 10. O-O dxc3 11. dxc3 Qd5 12. Bf4 O-O-O 13. c4 Qe4 14. Rfe1 Qxc2 15. Bxc6 bxc6 16. Rac1 Qf5 17. Be3 Be7 18. Qf2 Qd3 19. Bxc5 Rd7 20. Bxe7 Rxe7 21. Red1 Qa3 22. Rb1 Bxc4 23. Nd4 Qc5 24. Qb2 Rd8 25. Kh1 Bb5 26. a4 Red7 27. axb5 Rxd4 28. Rdc1 Qxe5 29. Rxc6+ Kb7 30. Qa1 Qd5 31. Qa6+ Kb8 32. h3 Rd2 33. Rg1 Rd3 34. Kh2 Qe5+ 35. Kh1 Qe4 0-1


[Site "https://www.chess.com"]

[Event "Titled Tuesday Blitz May 9 Early 2023"]
[White "Hasangatin, Ramil"]
[Black "Ibarra Jerez, Jose Carlos"]
[WhiteFideId "4122160"]
[BlackFideId "2226332"]
[WhiteElo "2279"]
[BlackElo "2638"]
[Result "1/2-1/2"]
[Round "06"]
[TimeControl "180+2"]
[Date "2023.05.09"]
[WhiteClock "0:00:04"]
[BlackClock "0:00:05"]

1. e4 c5 2. Nf3 e6 3. g3 Nc6 4. Bg2 Nf6 5. d3 g6 6. O-O d5 7. Bg5 dxe4 8. dxe4 Qxd1 9. Rxd1 Bg7 10. Nbd2 O-O 11. c3 h6 12. Be3 b6 13. h3 Bb7 14. Ne1 Rfd8 15. f3 g5 16. Nc4 Ne8 17. a4 Ba6 18. Bf1 Bb7 19. Kf2 Ne5 20. Nxe5 Bxe5 21. Nc2 Nf6 22. Na3 Nh5 23. g4 Nf4 24. Nc4 Bc7 25. Rxd8+ Rxd8 26. a5 b5 27. a6 Ba8 28. Na3 b4 29. Nb5 Be5 30. Nxa7 bxc3 31. bxc3 Bxc3 32. Rc1 Bd4 33. Nb5 e5 34. Nxd4 cxd4 35. Bxf4 gxf4 36. Bc4 Rb8 37. Ra1 Rb2+ 38. Ke1 Kg7 39. a7 Rc2 40. Bd5 Rc8 41. Kd2 Kf6 42. Kd3 Rc3+ 43. Kd2 Rc8 44. Bxa8 Rxa8 45. Kd3 Kg5 46. Kc4 Kh4 47. Kd5 f6 48. Ke6 Kg3 49. Ra3 d3 50. Rxd3 Rxa7 51. Kxf6 Ra5 52. Kf5 Kxh3 53. Rd5 Ra3 54. Rxe5 Rxf3 55. Re6 Kg3 56. Rxh6 Re3 57. Rh1 f3 58. g5 f2 59. Rf1 Re1 60. Rxf2 Kxf2 61. g6 Ke3 62. g7 Rg1 63. Kf6 Kxe4 64. Kf7 Rxg7+ 65. Kxg7 1/2-1/2


[Site "https://www.chess.com"]

[Event "Titled Tuesday Blitz May 9 Early 2023"]
[White "Mitrabha, Guha"]
[Black "Schmakel, Sam"]
[WhiteFideId "5057000"]
[BlackFideId "2039311"]
[WhiteElo "2507"]
[BlackElo "2356"]
[Result "1-0"]
[Round "06"]
[TimeControl "180+2"]
[Date "2023.05.09"]
[WhiteClock "0:00:41"]
[BlackClock "0:00:00"]

1. d4 d5 2. Nf3 e6 3. Bf4 c5 4. e3 Qb6 5. Nc3 Nf6 6. Nb5 Na6 7. c3 Be7 8. a4 O-O 9. Bd3 c4 10. Be2 Bd7 11. b3 Bxb5 12. axb5 Nc7 13. bxc4 dxc4 14. Bxc4 Ncd5 15. Bg5 Nxc3 16. Qd3 Nce4 17. O-O Nxg5 18. Nxg5 Rfc8 19. Qb3 h6 20. Nf3 Ne4 21. Rfc1 Nd6 22. Bd3 a6 23. Rcb1 axb5 24. Rxa8 Rxa8 25. h3 Rc8 26. g3 h5 27. h4 g6 28. Kg2 Bf6 29. Bxb5 Nxb5 30. Qxb5 Qxb5 31. Rxb5 Rc7 32. Nd2 Kf8 33. Nb3 Ke7 34. Na5 Kd7 35. Rxb7 Rxb7 36. Nxb7 Be7 37. Na5 Kd6 38. Nc4+ Kd5 39. Ne5 Bf6 40. Nxf7 1-0


[Site "https://www.chess.com"]

[Event "Titled Tuesday Blitz May 9 Early 2023"]
[White "Aravindh, Chithambaram VR."]
[Black "Rakotomaharo, Fy Antenaina"]
[WhiteFideId "5072786"]
[BlackFideId "13100050"]
[WhiteElo "2596"]
[BlackElo "2427"]
[Result "1-0"]
[Round "06"]
[TimeControl "180+2"]
[Date "2023.05.09"]
[WhiteClock "0:00:08"]
[BlackClock "0:00:00"]

1. Nf3 d5 2. d4 Nf6 3. Bg5 Ne4 4. Bf4 c6 5. e3 Bf5 6. Bd3 e6 7. O-O Nd7 8. Nbd2 Be7 9. h3 g5 10. Bh2 h5 11. Ne5 Nxd2 12. Qxd2 Bxd3 13. Qxd3 Nxe5 14. Bxe5 f6 15. Bg3 Kf7 16. f4 gxf4 17. Bxf4 Qg8 18. Rf3 Qg6 19. Qe2 Rag8 20. Raf1 Rh7 21. Be5 f5 22. e4 dxe4 23. Rg3 Qh6 24. Bf4 Qf8 25. Rxg8 Qxg8 26. Be5 Ke8 27. c4 Qg6 28. Rc1 Qf7 29. Rd1 Rh6 30. d5 exd5 31. cxd5 cxd5 32. Qb5+ Kf8 33. Rxd5 Rb6 34. Qd7 Bc5+ 35. Kf1 Qxd7 36. Rxd7 Ke8 37. Rh7 Be3 38. Rxh5 f4 39. Rh4 Rb5 40. Bxf4 Bxf4 41. Rxf4 Rxb2 42. Rf2 Rb1+ 43. Ke2 Kd7 44. Ke3 Re1+ 45. Kd4 e3 46. Rf7+ Kc6 47. Re7 e2 48. Kd3 b5 49. Rxe2 Rg1 50. h4 a5 51. h5 b4 52. h6 Rh1 53. Re6+ Kd5 54. Rg6 a4 55. g4 Rh3+ 56. Kd2 Kd4 57. Rd6+ Kc4 58. g5 Rh2+ 59. Ke3 b3 60. axb3+ axb3 61. Kf4 b2 62. Rb6 Rf2+ 63. Kg4 Rg2+ 64. Kh5 Kc3 65. h7 Rh2+ 66. Kg6 Kc2 67. Kg7 Rh3 68. Rxb2+ Kxb2 69. h8=Q 1-0


[Site "https://www.chess.com"]

[Event "Titled Tuesday Blitz May 9 Early 2023"]
[White "demon64fields"]
[Black "Harshavardhan G B"]
[BlackFideId "25059009"]
[WhiteElo "2896"]
[BlackElo "2323"]
[Result "1-0"]
[Round "06"]
[TimeControl "180+2"]
[Date "2023.05.09"]
[WhiteClock "0:00:12"]
[BlackClock "0:00:06"]

1. Nf3 Nf6 2. g3 g6 3. Bg2 Bg7 4. O-O O-O 5. c4 d6 6. Nc3 e5 7. d3 Nc6 8. Rb1 a5 9. a3 Nh5 10. b4 f5 11. Bd2 f4 12. Nd5 axb4 13. axb4 Ne7 14. Ng5 c6 15. Nxe7+ Qxe7 16. Ne4 g5 17. c5 d5 18. Nd6 g4 19. b5 Qf6 20. bxc6 bxc6 21. Rb6 f3 22. exf3 gxf3 23. Bh1 Bd7 24. Rb7 Bh3 25. Re1 Ra2 26. Bc3 Qg5 27. Rb2 Rxb2 28. Bxb2 Bg4 29. Bc1 Qf6 30. Qa4 Bd7 31. Qa7 Bh3 32. Qb7 Nf4 33. Bxf4 exf4 34. Qxc6 Qd4 35. Bxf3 Kh8 36. Qxd5 Qxd5 37. Bxd5 fxg3 38. Nf7+ Kg8 39. Ng5+ Kh8 40. Nxh3 gxf2+ 41. Nxf2 Bd4 42. Re2 Bxc5 43. Kg2 Kg7 44. Bf3 Rb8 45. Ne4 Bd4 46. Ng3 Ba1 47. d4 Kf6 48. d5 Rd8 49. Re6+ Kg7 50. Nf5+ Kf8 51. h4 Rc8 52. h5 Rc2+ 53. Kh3 Rd2 54. h6 Rd3 55. Kg4 Rd2 56. d6 Bc3 57. Bc6 Ba5 58. d7 Kf7 59. Re7+ Kf6 60. Rxh7 Rd1 61. Ne3 Rd4+ 62. Kf3 Kg5 63. Nd5 Rh4 64. Rg7+ Kxh6 65. Rg2 Rd4 66. Ra2 Bd8 67. Ra8 Bh4 68. Rh8+ Kg7 69. Rxh4 Rxh4 70. d8=Q Rh6 71. Qe7+ Kh8 72. Qf8+ Kh7 73. Nf6+ Kg6 74. Be4+ Kg5 75. Qg7+ Kh4 76. Qg4# 1-0


[Site "https://www.chess.com"]